 Dungeon Crawl Stone Soup version 0.29-a0-1023-g6ae1a4a2c7 (webtiles) character file.

Game seed: 8304470499372637466

105 Newt the Trooper (level 4, -3/35 HPs)
             Began as a Demonspawn Gladiator on Aug 11, 2022.
             Was an Initiate of Gozag.
             Slain by SkeletonJelly's ghost (8 damage)
             ... on level 3 of the Dungeon.
             The game lasted 00:04:08 (2580 turns).

Newt the Trooper (Demonspawn Gladiator)             Turns: 2580, Time: 00:04:08

Health: -3/35      AC:  6    Str: 16    XL:     4   Next: 53%
Magic:  4/4        EV: 11    Int: 10    God:    Gozag
Gold:   233        SH:  3    Dex: 14    Spells: 3/3 levels left

rFire   + + +      SeeInvis +   a - +0 rapier
rCold   x . .      Faith    .   p - +0 buckler
rNeg    . . .      Spirit   .   b - +0 leather armour
rPois   +          Reflect  .   c - +0 helmet
rElec   .          Harm     +   m - scarf {+Inv}
rCorr   .          Rampage  .   (no gloves)
Will    .....                   k - +1 pair of boots of Peirph {Harm rF+++ rC- SInv}
Stlth   +.........              (no amulet)
HPRegen 0.11/turn               i - ring of poison resistance
MPRegen 0.09/turn               (no ring)

@: mighty
A: hooves 1, powered by death 1
a: Renounce Religion, Evoke Invisibility, Potion Petition, Call Merchant, Bribe
Branch


You were on level 3 of the Dungeon.
You worshipped Gozag.
Gozag was aware of your devotion.
You visited 1 branch of the dungeon, and saw 3 of its levels.

You collected 253 gold pieces.
You paid 20 gold pieces to Gozag.

Inventory:

Hand Weapons
 a - a +0 rapier (weapon)
Missiles
 d - 3 throwing nets (quivered)
 g - 30 stones
 l - 4 javelins
Armour
 b - a +0 leather armour (worn)
 c - a +0 helmet (worn)
 h - a +1 cloak
 k - the +1 pair of boots of Peirph (worn) {Harm rF+++ rC- SInv}
   (You found it on level 2 of the Dungeon)

   rF:        It renders you almost immune to fire.
   rC:        It makes you vulnerable to cold.
   SInv:      It lets you see invisible.
   Harm:      It increases damage dealt and taken.
 m - a scarf of invisibility (worn)
 p - a +0 buckler (worn)
Jewellery
 i - a ring of poison resistance (left hand)
Scrolls
 j - a scroll of vulnerability
 n - a scroll of teleportation {unknown}
 r - 2 scrolls of enchant armour
 u - a scroll of identify
Potions
 e - 4 potions of attraction
 q - a potion of flight {unknown}
 s - a potion of curing {unknown}
 t - a potion of brilliance {unknown}


   Skills:
 - Level 3.4 Fighting
 - Level 2.6(3.3) Short Blades
 + Level 2.8(3.3) Long Blades
 - Level 1.7 Throwing
 - Level 2.6 Dodging


You had 3 spell levels left.
You didn't know any spells.
Your spell library contained the following spells:

 Spells                   Type           Power      Damage    Failure   Level
 Sandblast                Erth           0%         2d4       54%         1
 Passwall                 Tmut/Erth      0%         N/A       67%         2
 Dazzling Flash           Conj/Hex       0%         N/A       88%         3
 Stone Arrow              Conj/Erth      0%         3d7       88%         3
 Olgreb's Toxic Radiance  Pois           0%         N/A       99%         4
 Agony                    Necr           0%         N/A       100%        5
 Silence                  Hex/Air        0%         N/A       100%        5
 Ozocubu's Refrigeration  Ice            0%         4d7       100%        7
 Ignition                 Fire           0%         3d3       100%        8


Dungeon Overview and Level Annotations

Branches:
Dungeon (3/15)

Altars:
Gozag
Vehumet

Annotations:
D:3 SkeletonJelly's ghost, weakling DrMo


Innate Abilities, Weirdness & Mutations

You have large cloven feet.
You regenerate a little health from kills.


Message History

You see here a +0 dagger.
Key pressed, stopping explore.
Found a mace.
Key pressed, stopping explore.
No target in view!
You see here a +0 arbalest.
There is an open door here.
There is an open door here.
You open the door.
There is an open door here.
SkeletonJelly's ghost turns its malevolent gaze towards you.
Could not explore, unopened runed door.
Could not explore, unopened runed door.
You feel very mighty all of a sudden.
You open the door. You closely miss SkeletonJelly's ghost.
SkeletonJelly's ghost misses you.
You miss SkeletonJelly's ghost.
You block SkeletonJelly's ghost's attack.
You closely miss SkeletonJelly's ghost. SkeletonJelly's ghost misses you.
You barely miss SkeletonJelly's ghost. SkeletonJelly's ghost hits you!
You miss SkeletonJelly's ghost. SkeletonJelly's ghost hits you.
SkeletonJelly's ghost closely misses you.
You completely miss SkeletonJelly's ghost.
SkeletonJelly's ghost hits you!
You feel much better. SkeletonJelly's ghost hits you!
You completely miss SkeletonJelly's ghost.
SkeletonJelly's ghost lets out a mournful wail.
SkeletonJelly's ghost hits you.
You hit SkeletonJelly's ghost.
SkeletonJelly's ghost is moderately damaged.
SkeletonJelly's ghost hits you!
* * * LOW HITPOINT WARNING * * *
You completely miss SkeletonJelly's ghost.
SkeletonJelly's ghost is moderately damaged.
SkeletonJelly's ghost hits you but does no damage.
You miss SkeletonJelly's ghost.
SkeletonJelly's ghost is moderately damaged.
SkeletonJelly's ghost hits you!
You die...
Your body crumbles into a pile of gold.

# #..#'## #.# #.. # ###...# #.#
#.. # #...# #.# ####.. # #...#
#.###..... # #...# ### #.#....##.
# #...# #♣8♣# #.#.#...#. # ##'##
#.!.# #.#.#..##. # #.# ##W##
#.#.#..... ### #.# #####.@.###
#.#.#.###. ..# #.# #.........#
#.#....... #.# #.# #.........#
#.#<#.###. #.#
#.###.........####.#.#.# #.
#.#####...'....).......#.#...# #.
#.......###.........##.#.#######.
#######.# ######.#.#.#.#.......#.
#.########.#.#.#.#######.##
#....^..##.#.#...# #.#


You could see SkeletonJelly's ghost.

Vanquished Creatures
  Terence (D:2)
  2 adders
  4 dart slugs
  An orc (D:3)
  4 ball pythons
  4 endoplasms
  A giant cockroach (D:3)
  8 goblins
  6 hobgoblins
  3 kobolds
  4 quokkas
  5 bats
  4 frilled lizards
  2 rats
49 creatures vanquished.

Notes
Turn   | Place    | Note
-------+----------+-------------------------------------------
     0 | D:1      | Newt the Demonspawn Gladiator began the quest for the Orb.
     0 | D:1      | Reached XP level 1. HP: 16/16 MP: 1/1
   234 | D:1      | Gained mutation: You have large cloven feet. [demonic
                  | ancestry]
   234 | D:1      | Reached XP level 2. HP: 16/23 MP: 2/2
   363 | D:1      | Reached skill level 3 in Fighting
   576 | D:1      | Reached XP level 3. HP: 24/29 MP: 3/3
   831 | D:1      | Found a faded altar of an unknown god.
   984 | D:2      | Reached skill level 1 in Long Blades
  1076 | D:2      | Noticed Terence
  1088 | D:2      | Killed Terence
  1142 | D:2      | Gained mutation: You regenerate a little health from kills.
                  | [demonic ancestry]
  1142 | D:2      | Reached XP level 4. HP: 28/35 MP: 4/4
  1144 | D:2      | Identified the +1 pair of boots of Peirph {Harm rF+++ rC-
                  | SInv}
  1389 | D:2      | Found an opulent altar of Gozag.
  1422 | D:2      | Became a worshipper of Gozag Ym Sagoz the Greedy
  1564 | D:3      | Found a radiant altar of Vehumet.
  2136 | D:3      | Found a runed translucent door.
  2136 | D:3      | Noticed SkeletonJelly's ghost (weakling DrMo)
  2580 | D:3      | Slain by SkeletonJelly's ghost

Illustrated notes

Levels and vault maps discovered:
D:1:      lemuel_arrival_hallway, layout_rooms,
          dilly_ecumenical_altar_fadedgnrine
D:2:      layout_rooms, basic_altar, uniq_terence
D:3:      layout_basic, vehumet_crystals, gammafunk_ghost_grave,
          serial_corexii_hall, chequers_hall_statues_wall_a,
          corexii_hall_statues_s

Skill      XL: |  1  2  3 |
---------------+----------+-----
Fighting       | 3 |  3.4
Long Blades    | 2 |  2.8
Short Blades   | |  2.6
Throwing       | |  1.7
Dodging        | |  2.6

Action                   |  1- 3 |  4- 6 || total
-------------------------+-------+-------++-------
Melee: Rapier            |    95 |    86 ||   181
       Kick              |    19 |       ||    19
       Punch             |     1 |       ||     1
Throw: Javelin           |     1 |       ||     1
  Use: Scroll            |     2 |     5 ||     7
       Potion            |       |     2 ||     2
Armor: Leather armour    |    42 |    31 ||    73
Dodge: Dodged            |    70 |    45 ||   115
Block: Buckler           |       |     5 ||     5

Table legend: (Time is in decaauts)
 A = Elapsed time spent in this place.
 B = Non-inter-level travel time spent in this place.
 C = Inter-level travel time spent in this place.
 D = Time resting spent in this place.
 E = Time spent auto-exploring this place.
 F = Levels seen in this place.
 G = Mean time per level.
                   A        B        C        D        E       F      G
               +--------+--------+--------+--------+--------+-----+--------+
         Total |   2592 |   2526 |     66 |    150 |   1942 |   3 |  864.0 |
       Dungeon |   2592 |   2526 |     66 |    150 |   1942 |   3 |  864.0 |
               +--------+--------+--------+--------+--------+-----+--------+

Top non-repeatable levels by time:
     D:3: 1026 daAuts
     D:1: 970 daAuts
     D:2: 595 daAuts
